 Dungeon Crawl Stone Soup version 0.32-a0-433-g08bcfe7efd (webtiles) character file.

Game seed: 14161945159534972876

847 jasper the Trooper (level 8, -1/62 (64) HPs)
             Began as a Coglin Chaos Knight on Feb 23, 2024.
             Was an Initiate of Gozag.
             Slain by a wight
             ... wielding a +3 great sword of freezing
              (17 damage)
             ... on level 6 of the Dungeon.
             The game lasted 00:06:52 (3461 turns).

jasper the Trooper (Coglin Chaos Knight)            Turns: 3461, Time: 00:06:53

HP:   -1/62 (64)    AC:  6    Str: 15      XL:     8   Next: 1%
MP:   8/8           EV: 11    Int: 11      God:    Gozag
Gold: 339           SH:  5    Dex: 11 (14) Spells: 7/7 levels left

rFire   . . .        g - +8 mithril axe "Arga" {speed, Will+}
rCold   . . .        s - +0 war axe {Prasit}
rNeg    . . .        a - +2 leather armour
rPois   .            e - +0 helmet
rElec   .            (no cloak)
rCorr   .            (no gloves)
SInv    .            (no boots)
Will    +....        l - amulet of reflection
Stlth   +            p - ring of wizardry
HPRegen 0.30/turn    (no ring)
MPRegen 0.11/turn

%: reflection, wizardry (x1)
@: gold aura, immotile, lightly drained, revved
A: off-hand wielding, slow wielding, warmup strikes, legs shutdown
a: Renounce Religion, Potion Petition, Call Merchant, Bribe Branch


You were on level 6 of the Dungeon.
You worshipped Gozag.
Gozag was aware of your devotion.
You visited 1 branch of the dungeon, and saw 6 of its levels.

You collected 463 gold pieces.
You spent 63 gold pieces at shops.
You paid 61 gold pieces to Gozag.

Inventory:

Hand Weapons
 g - the +8 mithril axe "Arga" (weapon) {speed, Will+}
   (You acquired it on level 2 of the Dungeon)

   Will+:     It increases your willpower.
 s - a +0 war axe (offhand) {Prasit}
Missiles
 d - 53 stones (quivered)
 m - 5 boomerangs
 r - 2 throwing nets
Armour
 a - a +2 leather armour (worn)
 e - a +0 helmet (worn)
Jewellery
 l - an amulet of reflection (around neck)
 p - a ring of wizardry (left grasper)
 t - an amulet of magic regeneration
 v - a ring of willpower
Talismans
 i - a serpent talisman
Wands
 o - a wand of mindburst (17)
Scrolls
 x - a scroll of identify
Potions
 f - a potion of haste
 h - 2 potions of magic
 j - a potion of invisibility {unknown}
 k - a potion of attraction {unknown}
 n - 2 potions of ambrosia {unknown}
 q - a potion of enlightenment {unknown}


   Skills:
 + Level 6.1 Fighting
 * Level 5.8 Axes
 - Level 1.7 Armour
 - Level 0.8 Dodging
 - Level 4.0 Unarmed Combat


You had 7 spell levels left.
You didn't know any spells.
Your spell library contained the following spells:

 Spells                   Type           Power      Damage    Failure   Level
 Summon Blazeheart Golem  Fire/Summ      0%         N/A       83%         4
 Orb of Destruction       Conj           0%         9d5       100%        7
 Spellforged Servitor     Conj/Summ      0%         N/A       100%        7


Dungeon Overview and Level Annotations

Branches:
Dungeon (6/15)
 Temple: D:4-7

Altars:
Ashenzari
Gozag
Kikubaaqudgha
Nemelex Xobeh
Zin

Shops:
D:4 (


Innate Abilities, Weirdness & Mutations

You can wield a second weapon in your off-hand.
It takes a long time for you to wield or remove held weapons.
Your first few attacks do less damage.
Attacking and casting redirects power from your legs.


Message History

You hit the wight with the +8 mithril axe "Arga".
The wight barely misses you.
You hit the wight but do no damage.
The wight is heavily damaged.
You closely miss the wight with the +8 mithril axe "Arga".
You closely miss the wight with your +0 war axe.
You hit the wight with your +0 war axe.
The wight hits you but does no damage. x2
You hit the wight with your +0 war axe.
The wight is severely damaged.
You barely miss the wight with your +0 war axe.
You slash the wight with the +8 mithril axe "Arga"!
You destroy the wight!
You slash the wight with the +8 mithril axe "Arga"!
The wight hits you from afar with a +0 spear.
You feel drained. The wight completely misses you.
You have reached level 8!
You feel agile.
MP restored: 8 You hit the wight but do no damage.
The wight is severely damaged.
You closely miss the wight with the +8 mithril axe "Arga".
The wight is distracted by your dazzling golden aura.
The wight misses you.
You barely miss the wight with the +8 mithril axe "Arga".
The wight is severely damaged.
You hit the wight but do no damage.
The wight is no longer distracted by gold.
The wight closely misses you.
The wight hits you with a +0 morningstar.
* * * LOW HITPOINT WARNING * * *
You feel drained.
* * * LOW HITPOINT WARNING * * *
You take 4 damage, and have 16/62 hp.
You closely miss the wight with the +8 mithril axe "Arga".
You hit the wight with the +8 mithril axe "Arga".
You barely miss the wight with your +0 war axe. x2
The wight hits you with a +3 great sword of freezing!
You die...
Xom howls with laughter!
Your body crumbles into a pile of gold.

#..##
#... #...
##..
##...
#####...#
.......$#
.....zz@#
...(...z#
≈...###..
≈.. ##..
§ #.. #..
#.. ...


You could see 3 wights.

Vanquished Creatures
  An orc warrior (D:5)
  An ice beast (D:5)
  An ogre (D:5)
  2 scorpions (D:4)
  A wight (D:6)
  A bombardier beetle (D:3)
  3 hounds
  2 orc priests (D:4)
  2 iguanas (D:4)
  Ijyb (D:5)
  8 adders
  4 dart slugs
  2 orcs
  3 bats
  4 endoplasms
  3 giant cockroaches
  8 goblins
  7 hobgoblins
  11 jackals (D:1)
  4 quokkas
  5 ball pythons
  3 frilled lizards
  5 kobolds
  4 rats
86 creatures vanquished.

Notes
Turn   | Place    | Note
-------+----------+-------------------------------------------
     0 | D:1      | jasper the Coglin Chaos Knight began the quest for the Orb.
     0 | D:1      | Reached XP level 1. HP: 18/18 MP: 1/1
    49 | D:1      | XOM: potion effect (brilliance)
    93 | D:1      | XOM: divination: detect creatures
   126 | D:1      | Reached XP level 2. HP: 24/24 MP: 2/2
   382 | D:1      | XOM: divination: detect items
   450 | D:1      | Reached XP level 3. HP: 29/29 MP: 3/3
   582 | D:1      | XOM: noise
   985 | D:2      | Reached skill level 4 in Fighting
   985 | D:2      | Reached XP level 4. HP: 37/37 MP: 4/4
  1185 | D:2      | XOM: cloud trail
  1541 | D:2      | XOM: god gift: scroll labelled LIQUNA WISMYX {god gift}
  1562 | D:2      | You fall into a shaft and drop 1 floor!
  1562 | D:3      | Found an opulent altar of Gozag.
  1761 | D:3      | Fell from the grace of Xom
  1761 | D:3      | Became a worshipper of Gozag Ym Sagoz the Greedy
  2180 | D:2      | Reached XP level 5. HP: 43/43 MP: 5/5
  2186 | D:2      | Identified a scroll of acquirement
  2186 | D:2      | Acquired the +8 mithril axe "Arga" {speed, Will+}
  2186 | D:2      | Found the +8 mithril axe "Arga" {speed, Will+}
  2348 | D:3      | Reached skill level 1 in Axes
  2613 | D:4      | Reached XP level 6. HP: 39/50 MP: 6/6
  2623 | D:4      | XOM: summons 1 hostile demon
  2727 | D:4      | Reached skill level 5 in Fighting
  2727 | D:4      | Found Lisolous's Antique Weapon Boutique.
  2732 | D:4      | Bought a war axe for 63 gold pieces
  2915 | D:4      | Found a broken altar of Ashenzari.
  2973 | D:4      | Found an ancient bone altar of Kikubaaqudgha.
  2987 | D:4      | Found a glowing silver altar of Zin.
  2993 | D:4      | Reached XP level 7. HP: 56/56 MP: 7/7
  3040 | D:4      | Found a sparkling altar of Nemelex Xobeh.
  3176 | D:5      | Entered Level 5 of the Dungeon
  3276 | D:5      | Reached skill level 5 in Axes
  3288 | D:5      | Noticed Ijyb
  3292 | D:5      | Killed Ijyb
  3308 | D:5      | Reached skill level 6 in Fighting
  3383 | D:5      | XOM: summons 8 hostile demons
  3384 | D:5      | Noticed a soul eater
  3459 | D:6      | Reached XP level 8. HP: 19/63 MP: 8/8
  3461 | D:6      | Slain by a wight

Illustrated notes

Levels and vault maps discovered:
D:1:      lemuel_arrival_cross, layout_basic, chequers_decorated_corner
D:2:      layout_loops_ring, patterned_corridor
D:3:      layout_basic, mainiacjoe_overflow_alcove_1
D:4:      layout_basic, mainiacjoe_overflow_tiny_flanked, kennysheep_mini,
          grunt_temple_overflow_open, serial_shops, nicolae_shop_back_alley_shop
D:5:      layout_loops_ring, grunt_dithmenos_shadows, sword_in_stone, uniq_ijyb
D:6:      layout_layer_cave, lemuel_crystal_altar, mainiacjoe_overflow_catwalk,
          nicolae_shop_gadgets

Skill      XL: |  1  2  3  4  5  6  7 |
---------------+----------------------+-----
Unarmed Combat | 3 4 |  4.0
Fighting       | 4 5 6 |  6.1
Axes           | 2 4 5 |  5.8
Armour         | |  1.7
Dodging        | |  0.8

Action                     |  1- 3 |  4- 6 |  7- 9 || total
---------------------------+-------+-------+-------++-------
  Melee: Unarmed           |   146 |    56 |       ||   202
         Punch             |     5 |     2 |       ||     7
         Broad axe         |       |    57 |    26 ||    83
         War axe           |       |    15 |    25 ||    40
  Throw: Stone             |     1 |       |     1 ||     2
  Evoke: Wand              |       |       |     6 ||     6
    Use: Scroll            |       |     9 |     4 ||    13
         Potion            |       |       |     3 ||     3
   Stab: Sleeping          |     1 |     2 |       ||     3
 Armour: Leather armour    |    71 |    48 |    55 ||   174
  Dodge: Dodged            |    91 |    41 |    43 ||   175
  Block: Other             |       |    22 |     9 ||    31

Table legend: (Time is in decaauts)
 A = Elapsed time spent in this place.
 B = Non-inter-level travel time spent in this place.
 C = Inter-level travel time spent in this place.
 D = Time resting spent in this place.
 E = Time spent auto-exploring this place.
 F = Levels seen in this place.
 G = Mean time per level.
                   A        B        C        D        E       F      G
               +--------+--------+--------+--------+--------+-----+--------+
         Total |   3449 |   3234 |    215 |    125 |   2286 |   6 |  574.8 |
       Dungeon |   3449 |   3234 |    215 |    125 |   2286 |   6 |  574.8 |
               +--------+--------+--------+--------+--------+-----+--------+

Top non-repeatable levels by time:
     D:2: 1119 daAuts
     D:1: 856 daAuts
     D:4: 619 daAuts
     D:3: 568 daAuts
     D:5: 279 daAuts
     D:6: 5 daAuts
